 Dungeon Crawl Stone Soup version 0.30.1-11-g7821555f0a (webtiles) character file.

Game seed: 16676626219603551624

15045 watttottt the Blocker (level 11, -1/76 (105) HPs)
             Began as a Troll Fighter on Dec 29, 2023.
             Was a High Priest of Nemelex Xobeh.
             Killed by an exploding Nergalle (28 damage)
             ... ignited by their inner flame
             ... on level 10 of the Dungeon.
             The game lasted 02:07:46 (12537 turns).

watttottt the Blocker (Troll Fighter)              Turns: 12537, Time: 02:07:47

HP:   -1/76 (105)   AC: 22    Str: 30    XL:     11   Next: 96%
MP:   15/15         EV:  9    Int:  4    God:    Nemelex Xobeh [*****.]
Gold: 752           SH: 14    Dex:  9    Spells: 16/16 levels left

rFire   . . .        l - +6 flail (vamp)
rCold   . . .        h - +0 tower shield {AC+3}
rNeg    . . .        T - +0 acid dragon scales
rPois   .            r - +2 hat
rElec   .            y - +0 cloak
rCorr   +            (gloves unavailable)
SInv    .            (boots unavailable)
Will    .....        e - amulet of the acrobat
Stlth   +            A - ring of flight
HPRegen 1.12/turn    Q - ring of the Tortoise {AC+8}
MPRegen 0.14/turn

%: acrobat
@: mighty, flying, studying Shields, very heavily drained
A: large, unfitting armour, claws 3, regeneration 1, shaggy fur 1, tough skin 1
a: Renounce Religion, Draw Escape, Draw Destruction, Draw Summoning, Triple
Draw, Deal Four, Stack Five


You were on level 10 of the Dungeon.
You worshipped Nemelex Xobeh.
Nemelex Xobeh was extremely pleased with you.
You visited 2 branches of the dungeon, and saw 11 of its levels.
You also visited: Sewer.

You collected 752 gold pieces.

Inventory:

Hand Weapons
 d - a +0 war axe of flaming
 f - a +0 spectral club
 g - the +1 trident of Moderation {freeze, rC++}
   (You found it on level 7 of the Dungeon)

   rC:        It greatly protects you from cold.
 l - a +6 vampiric flail (weapon)
 p - a +2 dagger of draining
 s - a +1 war axe
 u - a +3 long sword
 w - a +2 whip of electrocution
 F - a +2 dagger of venom
 H - a +0 short sword of electrocution
 L - a +1 dagger of freezing
 M - a +0 heavy flail
 O - a +2 heavy hand axe
 S - a +2 whip of electrocution
 V - a +1 dagger of venom
Missiles
 i - 74 stones
 I - 19 poisoned darts (quivered)
 N - 5 boomerangs
Armour
 c - a +2 kite shield
 h - a +0 tower shield of protection (worn)
 r - a +2 hat (worn)
 v - a +2 robe of willpower
 x - a +2 robe of fire resistance
 y - a +0 cloak (worn)
 T - +0 acid dragon scales (worn)
 W - the +1 chain mail of Pathos {Harm rF+}
   (You found it on level 11 of the Dungeon)

   rF:        It protects you from fire.
   Harm:      It increases damage dealt and taken.
 X - a +2 robe of cold resistance
Magical Staves
 G - a staff of fire
 U - a staff of air
 Y - a staff of cold
Jewellery
 e - an amulet of the acrobat (around neck)
 n - an amulet of the acrobat
 A - a ring of flight (left claw)
 B - a +6 ring of intelligence
 Q - the ring of the Tortoise (right claw) {AC+8}
   (You acquired it on level 11 of the Dungeon)

   [ring of protection]

   AC:        It affects your AC (+8).
 R - the ring of Reimbursement {Ice Dex+9}
   (You found it on level 4 of the Dungeon)

   [ring of ice]

   It enhances your ice magic.
   Dex:       It affects your dexterity (+9).
   rF:        It makes you vulnerable to fire.
   rC:        It protects you from cold.
Wands
 a - a wand of digging (6)
Scrolls
 q - 2 scrolls of vulnerability
 t - 2 scrolls of noise
 z - 5 scrolls of identify
Potions
 b - a potion of degeneration
 m - a potion of attraction
 E - a potion of invisibility
Miscellaneous
 K - a piece from Xom's chessboard (14/15)


   Skills:
 + Level 6.0 Fighting
 + Level 1.9 Short Blades
 + Level 5.3(7.2) Axes
 + Level 8.2(9.1) Maces & Flails
 + Level 0.6 Throwing
 + Level 2.6 Armour
 + Level 7.7 Dodging
 + Level 2.0 Stealth
 + Level 9.4 Shields
 - Level 3.4 Spellcasting
 + Level 0.2 Evocations


You had 16 spell levels left.
You didn't know any spells.
Your spell library contained the following spells:

 Spells                   Type           Power      Damage    Failure   Level
 Apportation              Tloc           0%         N/A       82%         1
 Necrotise                Necr           0%         1d4       82%         1
 Slow                     Hex            0%         N/A       82%         1
 Summon Small Mammal      Summ           0%         N/A       82%         1
 Blink                    Tloc           0%         N/A       91%         2
 Confusing Touch          Hex            0%         N/A       99%         3
 Gell's Gravitas          Tloc           0%         N/A       99%         3
 Stone Arrow              Conj/Erth      0%         3d7       99%         3
 Teleport Other           Tloc           0%         N/A       99%         3
 Vampiric Draining        Necr           0%         2d6       99%         3
 Animate Armour           Summ/Erth      0%         N/A       100%        4
 Manifold Assault         Tloc           0%         N/A       100%        4
 Dispersal                Tloc           0%         N/A       100%        6
 Storm Form               Tmut/Air       0%         N/A       100%        7
 Lehudib's Crystal Spear  Conj/Erth      0%         10d2      100%        8


Dungeon Overview and Level Annotations

Branches:
Dungeon (11/15)            Temple (1/1) D:7           Sewer (visited)
   Lair: D:8-11         Orc: D:9-12

Altars:
Ashenzari
Cheibriados
Dithmenos
Elyvilon
Fedhas
Gozag
Hepliaklqana
Kikubaaqudgha
Makhleb
Nemelex Xobeh
Okawaru
Qazlal
Ru
Sif Muna
Trog
Uskayaw
Vehumet
Wu Jian
Xom
Yredelemnul
Zin
The Shining One


Innate Abilities, Weirdness & Mutations

You are too large for most types of armour.
You have claws for hands.
Your natural rate of healing is unusually fast.
You are covered in fur. (AC +1)
You have tough skin. (AC +1)


Message History

You block the spectral orc warrior's attack.
Nergalle is engulfed in blazing flames.
Flame seeps out of Nergalle.
You block Nergalle's attack.
You feel very mighty all of a sudden.
The spectral orc warrior hits you but does no damage. x2
You block the spectral orc warrior's attack.
Nergalle is engulfed in blazing flames.
Flame seeps out of Nergalle.
You block Nergalle's attack.
Aiming: Quicksilver Bolt
Press: ? - help, Shift-Dir - straight line, f - Nergalle
Aim: Nergalle, wielding a +0 dagger and wearing a +0 robe (almost dead, inner flame, 68% to hit)
Okay, then.
You are too injured to fight recklessly!
You hit Nergalle.
Flame seeps out of Nergalle.
You feel better.
Nergalle is almost dead.
You block the spectral orc warrior's attack. x2
The spectral orc warrior hits you with a +0 mace.
You feel drained.
Nergalle is engulfed in blazing flames.
Flame seeps out of Nergalle.
Nergalle gestures at you while chanting.
Orcish apparitions take form around you.
Aiming: Quicksilver Bolt
Press: ? - help, Shift-Dir - straight line, f - Nergalle
Aim: Nergalle, wielding a +0 dagger and wearing a +0 robe (flame, almost dead, inner flame, 68% to hit)
Okay, then.
Unknown command.
Aiming: Quicksilver Bolt
Press: ? - help, Shift-Dir - straight line, f - Nergalle
Aim: Nergalle, wielding a +0 dagger and wearing a +0 robe (flame, almost dead, inner flame, 68% to hit)
The bolt of dispelling energy hits Nergalle!
The spectral orc warrior disappears in a puff of smoke! x2
The spectral orc disappears in a puff of smoke!
The spectral orc warrior disappears in a puff of smoke!
The spectral orc knight disappears in a puff of smoke! x2
The spectral orc warrior disappears in a puff of smoke!
The now-empty wand crumbles to dust.
Nergalle explodes!
The fiery explosion engulfs you!!
You die...
Your body glows with a rainbow of weird colours and disappears.

##..........##...###...
##...##..###.#.....###.#
#.....#......##.[.## #..
#........#######.## #..
#.....#.# #.# #..
##...##.# #.# ##.
######§# ##'## #. #○#
##...## #. ##@#
##.....## #.
###§§#####.......###.
#.§§§§.##.........###
#.......'.........'..
#....#.##.........###
#.#..#.###.......##
#.##...# ##.....##
#.###..# ##...##
#.###..# ##+#######


There were no monsters in sight!

Vanquished Creatures
  Fannar (D:11)
  A catoblepas (D:11)
  2 boulder beetles (D:11)
  A two-headed ogre (D:9)
  Nergalle (D:10)
  Pikel (D:6)
  7 centaur zombies (D:11)
  An unseen horror (D:11)
  2 gargoyles
  A komodo dragon (D:11)
  4 trolls
  Prince Ribbit (D:7)
  A meliai zombie (D:11)
  Sigmund (D:4)
  2 shadows (D:11)
  A wyvern (D:7)
  5 wraiths
  9 yaks
  2 vampires (D:11)
  A steam dragon (D:9)
  A vampire mosquito (D:9)
  Menkaure (D:4)
  Edmund (D:6)
  3 water moccasins
  An acid dragon (D:9)
  2 black bears (D:6)
  A sky beast (D:7)
  3 ogres
  3 orc warriors
  A lemure (D:6)
  5 centaurs
  A phantom (D:6)
  2 kobold brigands (D:9)
  3 bullfrogs
  A scorpion (D:6)
  4 wights (D:6)
  4 killer bees
  A howler monkey (D:9)
  6 hounds
  A jelly (D:4)
  2 orc priests
  2 sleepcaps
  Ijyb (D:5)
  Natasha (D:4)
  A boggart zombie (D:11)
  3 orc wizards
  5 iguanas
  A howler monkey zombie (D:11)
  7 adders
  A river rat (D:4)
  A white imp (D:5)
  2 worms
  2 dart slugs (D:3)
  13 orcs
  11 ball pythons
  2 bats
  6 endoplasms
  5 giant cockroaches
  6 goblins
  2 hobgoblins (D:2)
  6 jackals
  6 quokkas
  4 frilled lizards
  12 kobolds
  8 rats
200 creatures vanquished.

Vanquished Creatures (collateral kills)
  3 vampire mosquitoes (D:9)
3 creatures vanquished.

Vanquished Creatures (others)
  A quokka (D:4)
1 creature vanquished.

Grand Total: 204 creatures vanquished

Notes
Turn   | Place    | Note
-------+----------+-------------------------------------------
     0 | D:1      | watttottt the Troll Fighter began the quest for the Orb.
     0 | D:1      | Reached XP level 1. HP: 22/22 MP: 0/0
   144 | D:1      | Reached XP level 2. HP: 29/29 MP: 1/1
   628 | D:1      | Reached skill level 3 in Shields
   949 | D:2      | Found a sparkling altar of Nemelex Xobeh.
  1006 | D:2      | Became a worshipper of Nemelex Xobeh the Trickster
  1055 | D:2      | Reached XP level 3. HP: 36/36 MP: 2/2
  1498 | D:2      | Found a faded altar of an unknown god.
  1944 | D:3      | Reached XP level 4. HP: 44/44 MP: 3/3
  2079 | D:3      | Reached * piety under Nemelex Xobeh
  2536 | D:3      | Received a gift from Nemelex Xobeh
  2538 | D:3      | Identified the -2 hand axe "Deishro" {freeze, rC++ rN+}
  2751 | D:3      | Found a shadowy altar of Dithmenos.
  3151 | D:4      | Reached XP level 5. HP: 52/52 MP: 4/4
  3310 | D:4      | Noticed Sigmund
  3357 | D:4      | Killed Sigmund
  3358 | D:4      | Reached XP level 6. HP: 47/61 MP: 5/5
  3426 | D:4      | Reached skill level 1 in Short Blades
  3505 | D:4      | Identified the ring of Reimbursement {Ice Dex+9}
  3545 | D:4      | Reached skill level 4 in Shields
  3586 | D:4      | Found a glowing drain.
  3616 | Sewer    | Entered a sewer
  3655 | D:4      | Reached XP level 7. HP: 67/67 MP: 6/6
  3776 | D:4      | Noticed Menkaure
  3795 | D:4      | Killed Menkaure
  4368 | D:4      | Noticed Natasha
  4376 | D:4      | Killed Natasha
  4502 | D:5      | Entered Level 5 of the Dungeon
  4936 | D:5      | Reached ** piety under Nemelex Xobeh
  5085 | D:5      | Noticed Ijyb
  5097 | D:5      | Killed Ijyb
  5912 | D:6      | Received a gift from Nemelex Xobeh
  5961 | D:6      | Reached skill level 1 in Stealth
  5961 | D:6      | Reached XP level 8. HP: 75/75 MP: 7/7
  5971 | D:6      | Identified a scroll of acquirement
  5971 | D:6      | Acquired a +0 tower shield of protection
  6115 | D:6      | Noticed Edmund
  6138 | D:6      | Killed Edmund
  6139 | D:6      | Reached skill level 5 in Axes
  6139 | D:6      | Reached skill level 5 in Dodging
  6210 | D:6      | Reached skill level 5 in Shields
  6219 | D:6      | Noticed Pikel
  6230 | D:6      | Killed Pikel
  6231 | D:6      | Reached skill level 1 in Maces & Flails
  6231 | D:6      | Reached XP level 9. HP: 54/85 MP: 8/8
  6341 | D:6      | Found a faded altar of an unknown god.
  6341 | D:6      | Reached *** piety under Nemelex Xobeh
  6341 | D:6      | Found a faded altar of an unknown god.
  6343 | D:6      | Found a hazy altar of Hepliaklqana.
  7027 | D:7      | Received a gift from Nemelex Xobeh
  7091 | D:7      | Identified the +1 trident of Moderation {freeze, rC++}
  7113 | D:7      | Noticed Prince Ribbit
  7130 | D:7      | Killed Prince Ribbit
  7211 | D:7      | Noticed a gargoyle
  7219 | D:7      | Killed a gargoyle
  7220 | D:7      | Reached skill level 6 in Shields
  7522 | D:7      | Found a staircase to the Ecumenical Temple.
  7538 | Temple   | Entered the Ecumenical Temple
  7940 | D:7      | You are sucked into a shaft and drop 2 floors!
  7951 | D:9      | Noticed a two-headed ogre
  7962 | D:9      | Killed a two-headed ogre
  7963 | D:9      | Reached skill level 5 in Maces & Flails
  7963 | D:9      | Reached skill level 1 in Spellcasting
  7997 | D:9      | Reached **** piety under Nemelex Xobeh
  8050 | D:9      | Reached XP level 10. HP: 94/94 MP: 10/10
  8647 | D:9      | Reached skill level 5 in Fighting
  8650 | D:9      | Reached skill level 7 in Shields
  8802 | D:9      | Found an ornate altar of the Wu Jian Council.
  8810 | D:9      | Found a sacrificial altar of Ru.
  8819 | D:9      | Found a stormy altar of Qazlal.
  8823 | D:9      | Found a shimmering altar of Xom.
  8834 | D:9      | Found a basalt altar of Yredelemnul.
  9479 | D:10     | Entered Level 10 of the Dungeon
  9725 | D:10     | Received a gift from Nemelex Xobeh
 10581 | D:11     | Noticed a boulder beetle
 10646 | D:11     | Received a gift from Nemelex Xobeh
 10720 | D:11     | Reached XP level 11. HP: 98/104 MP: 12/14
 10731 | D:11     | Reached skill level 1 in Armour
 10785 | D:11     | Killed a boulder beetle
 10789 | D:11     | Acquired the ring of the Tortoise {AC+8}
 10789 | D:11     | Found the ring of the Tortoise {AC+8}
 10959 | D:11     | Reached ***** piety under Nemelex Xobeh
 10965 | D:11     | Identified the +1 chain mail of Pathos {Harm rF+}
 11039 | D:11     | Noticed a boulder beetle
 11061 | D:11     | Killed a boulder beetle
 11062 | D:11     | Reached skill level 8 in Shields
 11105 | D:11     | Noticed Fannar
 11134 | D:11     | Killed Fannar
 11201 | D:11     | Acquired a manual of Shields
 11321 | D:11     | Noticed a catoblepas
 11366 | D:11     | Received a gift from Nemelex Xobeh
 11376 | D:11     | Killed a catoblepas
 11454 | D:11     | Noticed Nergalle
 11730 | D:11     | Reached skill level 9 in Shields
 12537 | D:10     | Killed Nergalle
 12537 | D:10     | Killed by an exploding Nergalle... ignited by their inner
                  | flame

Illustrated notes

Levels and vault maps discovered:
D:1:      dpeg_arrival_ternary, layout_loops_ring, hex_medium, st_stairs_1
D:2:      layout_loops_ring, serial_aquarium, aquarium_bridge_square
          [aquarium_subvault_wall, aquarium_subvault_bridge,
          aquarium_subvault_wall, aquarium_subvault_window],
          aquarium_window_fake, aquarium_window_corridor_2,
          aquarium_window_fake, aquarium_window_1, aquarium_view_2d,
          basic_altar, ebering_ecumenical_altar_mist
D:3:      layout_loops_corners, mainiacjoe_overflow_brackets, minivault_26,
          minmay_misc_feat_columns
D:4:      layout_basic, portal_sewer_entry_a, kennysheep_flooded_box,
          uniq_natasha, uniq_menkaure, uniq_sigmund
D:5:      layout_loops_ring, uniq_ijyb
D:6:      layout_basic, nicolae_hepliaklqana_ecumenical_no_more,
          minmay_stone_trees_small, uniq_edmund, uniq_pikel
D:7:      layout_gridville, minmay_temple_entry_sparse_star, uniq_prince_ribbit1
D:9:      minmay_spotlight, layout_stronghold,
          nicolae_overflow_hallway_of_the_gods, minmay_quadrilaterals
D:10:     layout_loops_corners
D:11:     layout_basic, erik_lair_dragon, serial_undead, serial_undead_b,
          serial_undead_e, serial_undead_a, serial_undead_d, serial_undead_c,
          serial_undead_e, serial_undead_c, serial_undead_e, minivault_23,
          uniq_fannar, uniq_nergalle
Temple:   nicolae_temple_superstar

Skill      XL: |  1  2  3  4  5  6  7  8  9 10 11 |
---------------+----------------------------------+-----
Shields        | 3 4 5 6 7 9 |  9.4
Axes           | 2 3 4 5 |  5.3
Dodging        | 3 4 5 6 7 |  7.7
Fighting       | 3 4 5 6 |  6.0
Short Blades   | 1 |  1.9
Stealth        | 1 2 |  2.0
Maces & Flails | 1 5 6 8 |  8.2
Spellcasting   | 1 2 3 |  3.4
Armour         | 2 |  2.6
Throwing       | |  0.6
Evocations     | |  0.2

Action                     |  1- 3 |  4- 6 |  7- 9 | 10-12 || total
---------------------------+-------+-------+-------+-------++-------
  Melee: War axe           |   124 |    31 |    87 |       ||   242
         Short sword       |       |   227 |    15 |       ||   242
         Flail             |       |       |   103 |   476 ||   579
  Throw: Dart              |       |       |     4 |     5 ||     9
 Invoke: Draw Destruction  |       |     2 |       |    10 ||    12
         Draw Summoning    |       |     1 |       |     1 ||     2
  Evoke: Wand              |       |       |     3 |     3 ||     6
         Piece from Xom's  |       |       |       |     2 ||     2
    Use: Scroll            |       |       |    15 |    12 ||    27
         Potion            |       |       |    10 |     6 ||    16
   Stab: Sleeping          |       |       |     1 |     3 ||     4
 Armour: Robe              |    47 |   145 |    58 |    58 ||   308
         Skin              |       |       |     2 |       ||     2
         Acid dragon scale |       |       |       |   437 ||   437
  Dodge: Dodged            |    63 |   189 |   110 |   406 ||   768
  Block: Kite shield       |    57 |   139 |    42 |       ||   238
         Tower shield      |       |       |   122 |   598 ||   720
